 Dungeon Crawl Stone Soup version 0.31.0-11-ge490571c62 (webtiles) character file.

Game seed: 8752986780792195023

105 qw the Skirmisher (level 4, -3/25 HPs)
             Began as a Deep Elf Hunter on Feb 4, 2024.
             Slain by a black bear (6 damage)
             ... on level 4 of the Dungeon.
             The game lasted 00:00:41 (2328 turns).

qw the Skirmisher (Deep Elf Hunter)                 Turns: 2328, Time: 00:00:41

Health: -3/25      AC:  7    Str: 10    XL:     4   Next: 53%
Magic:  6/6        EV: 13    Int: 14    God:
Gold:   91         SH:  0    Dex: 18    Spells: 3/3 levels left

rFire   . . .        a - +0 shortbow
rCold   . . .        (shield currently unavailable)
rNeg    . . .        h - +1 ring mail of Distant Shores {Rampage rPois rC- rCorr}
rPois   +            (no helmet)
rElec   .            (no cloak)
rCorr   +            k - +0 pair of gloves
SInv    .            (no boots)
Will    .....        (no amulet)
Stlth   +            b - ring of protection from cold
HPRegen 0.24/turn    p - +2 ring of evasion
MPRegen 0.10/turn

%: rampage
@: about to teleport, hasted, very quick
A: no striking features
a: no special abilities


You were on level 4 of the Dungeon.
You visited 1 branch of the dungeon, and saw 4 of its levels.

You collected 208 gold pieces.
You spent 117 gold pieces at shops.


   Skills:
 - Level 1.5 Fighting
 + Level 8.0 Ranged Weapons
 - Level 2.4 Dodging
 - Level 1.2 Stealth


You had 3 spell levels left.
You didn't know any spells.
Your spell library was empty.

Inventory:

Hand Weapons
 a - a +0 shortbow (weapon)
Armour
 h - the +1 ring mail of Distant Shores (worn) {Rampage rPois rC- rCorr}
   (You found it on level 3 of the Dungeon)

   rC-:       It makes you vulnerable to cold.
   rPois:     It protects you from poison rCorr: It protects you from acid and
   corrosion.
   Rampage:   It bestows one free step when moving towards enemies.
 j - a +0 ring mail
 k - a +0 pair of gloves (worn)
Jewellery
 b - a ring of protection from cold (left hand)
 i - a ring of ice
 p - a +2 ring of evasion (right hand)
 q - a +2 ring of strength
Wands
 r - a wand of flame (1)
Scrolls
 f - 2 scrolls of teleportation
Potions
 d - a potion of enlightenment
 e - a potion of cancellation
 g - a potion of haste
 o - a potion of ambrosia {unknown}

Dungeon Overview and Level Annotations

Branches:
Dungeon (4/15)
 Temple: D:4-7

Altars:
Cheibriados
Makhleb
Nemelex Xobeh
Vehumet

Shops:
D:2 (   D:3 =


Message History

Found a long sword.
You see here a +0 long sword.
Found a stone staircase leading up.
A black bear comes into view.
Found 9 stones.
The black bear growls angrily.
2319 ||| DRINKING 2 potions of haste.
You feel yourself speed up.
You shoot an arrow. The arrow hits the black bear.
The black bear is moderately wounded.
You shoot an arrow. The arrow hits the black bear.
The black bear is heavily wounded.
You shoot an arrow. The arrow hits the black bear!
The black bear is almost dead.
You shoot an arrow. The arrow barely misses the black bear.
The black bear goes berserk!
A goblin comes into view. It is wielding a +0 dagger.
2324 ||| RETREEEEATING.
2325 ||| RETREEEEATING.
An orc comes into view. It is wielding a +0 dagger.
The black bear attacks as it pursues you!
The black bear barely misses you. x2; The black bear claws you.
2326 ||| RETREEEEATING.
The black bear bites you! The black bear barely misses you.
The black bear claws you but does no damage.
The goblin unwields a +0 dagger.
The goblin wields a +0 sling.
The goblin shoots a sling bullet.
The sling bullet barely misses you.
2327 ||| RETREEEEATING.
The orc shouts!
The black bear bites you but does no damage.
The black bear claws you but does no damage.
The black bear claws you.
An orc comes into view. It is wielding a +0 hand axe.
2328 ||| READING 3 scrolls of teleportation.
As you read the scroll of teleportation, it crumbles to dust.
You feel strangely unstable.
The orc shouts!
You hear a shout!
The black bear barely misses you.
The black bear claws you but does no damage.
The black bear claws you.
You die...

.g. ########### #.#
#..)......# #.#
###.######### #.#
##...# #
######.####..### ##
..$<........#### #.
#..........########.
#..h######..........
#..#@# ######.%..#
....##.# #.####
..#### #.. #.# ##.#
#.# .# ##.# (.
#######..# #.
#.....<.##
o...#######


You could see a black bear (berserk) and an orc.

Vanquished Creatures
  A crimson imp (D:3)
  2 adders
  A dart slug (D:2)
  A ribbon worm (D:2)
  An orc (D:4)
  6 endoplasms
  2 giant cockroaches
  7 goblins
  6 hobgoblins
  7 kobolds
  2 quokkas (D:3)
  6 ball pythons
  A bat (D:2)
  2 rats
45 creatures vanquished.

Vanquished Creatures (others)
  A hobgoblin (D:4)
1 creature vanquished.

Grand Total: 46 creatures vanquished

Notes
Turn   | Place    | Note
-------+----------+-------------------------------------------
     0 | D:1      | qw the Deep Elf Hunter began the quest for the Orb.
     0 | D:1      | Reached XP level 1. HP: 12/12 MP: 3/3
     0 | D:1      | 0 ||| qw: Version: 0.3-a-160-g6735b56
     0 | D:1      | 0 ||| qw: Game counter: 5669
     0 | D:1      | 0 ||| qw: Melee chars always use a shield: true
     0 | D:1      | 0 ||| qw: God list: Okawaru
     0 | D:1      | 0 ||| qw: Allow faded altars: false
     0 | D:1      | 0 ||| qw: Do Orc after clearing Dungeon:15 true
     0 | D:1      | 0 ||| qw: Do second Lair branch before Depths: true
     0 | D:1      | 0 ||| qw: Lair rune preference: random
     0 | D:1      | 0 ||| qw: Goals: Normal
     0 | D:1      | 0 ||| PLANNING D:1-11
   274 | D:1      | Reached skill level 6 in Ranged Weapons
   274 | D:1      | Reached XP level 2. HP: 16/16 MP: 4/4
   435 | D:1      | 435 ||| READING scroll labelled XEIFFEERPHA.
   436 | D:1      | 436 ||| READING 2 scrolls labelled POISTEDIDUO.
   436 | D:1      | 436 ||| IDENTIFYING bubbling silvery potion
   437 | D:1      | 437 ||| READING scroll of identify.
   437 | D:1      | 437 ||| IDENTIFYING amethyst potion
   438 | D:1      | 438 ||| READING scroll labelled NAPROA GAMOSIR.
   443 | D:1      | 443 ||| DRINKING 2 murky puce potions.
   495 | D:1      | 495 ||| DROPPING scroll of butterflies.
   496 | D:1      | 496 ||| DROPPING potion of lignification.
   590 | D:2      | Found Kizekhluy's Antique Weapon Shop.
   919 | D:2      | Reached XP level 3. HP: 20/20 MP: 5/5
  1257 | D:2      | 1257 ||| UPGRADING to ring of protection from cold.
  1293 | D:3      | Identified the +1 ring mail of Distant Shores {Rampage
                  | rPois rC- rCorr}
  1393 | D:3      | Reached skill level 7 in Ranged Weapons
  1696 | D:3      | Found a sparkling altar of Nemelex Xobeh.
  1803 | D:3      | Found a snail-covered altar of Cheibriados.
  1820 | D:3      | Found Zular's One-of-a-Kind Rings.
  1828 | D:3      | 1828 ||| BUYING +2 ring of evasion (78 gold).
  1828 | D:3      | Bought a +2 ring of evasion for 78 gold pieces
  1828 | D:3      | 1828 ||| SHOPLISTING +2 ring of slaying (273 gold, have
                  | 104).
  1828 | D:3      | 1828 ||| BUYING +2 ring of strength (39 gold).
  1828 | D:3      | Bought a +2 ring of strength for 39 gold pieces
  1828 | D:3      | 1828 ||| SHOPLISTING +3 ring of dexterity (130 gold, have
                  | 65).
  1828 | D:3      | 1828 ||| SHOPLISTING +9 ring of evasion (1345 gold, have
                  | 65).
  1828 | D:3      | 1828 ||| SHOPLISTING ring of Punedwut {rC+ rCorr} (442
                  | gold, have 65).
  1913 | D:3      | Found a burning altar of Makhleb.
  1913 | D:3      | Found a radiant altar of Vehumet.
  1923 | D:3      | Reached XP level 4. HP: 20/25 MP: 6/6
  2146 | D:3      | 2146 ||| UPGRADING to +1 ring mail of Distant Shores
                  | {Rampage rPois rC- rCorr}.
  2156 | D:3      | 2156 ||| DROPPING +0 leather armour.
  2157 | D:3      | 2157 ||| UPGRADING to +0 pair of gloves.
  2162 | D:3      | 2162 ||| DROPPING amulet of magic regeneration.
  2163 | D:3      | 2163 ||| UPGRADING to +2 ring of evasion.
  2164 | D:3      | 2164 ||| READING scroll of identify.
  2164 | D:3      | 2164 ||| IDENTIFYING blue potion
  2165 | D:3      | 2165 ||| READING 2 scrolls labelled TUOMUB GOIBI.
  2166 | D:3      | 2166 ||| DROPPING scroll of blinking.
  2235 | D:4      | Reached skill level 8 in Ranged Weapons
  2318 | D:4      | Noticed a black bear
  2319 | D:4      | 2319 ||| DRINKING 2 potions of haste.
  2324 | D:4      | 2324 ||| RETREEEEATING.
  2325 | D:4      | 2325 ||| RETREEEEATING.
  2326 | D:4      | 2326 ||| RETREEEEATING.
  2327 | D:4      | 2327 ||| RETREEEEATING.
  2327 | D:4      | HP: 3/25 [black bear (6)]
  2328 | D:4      | 2328 ||| READING 3 scrolls of teleportation.
  2328 | D:4      | Slain by a black bear

Levels and vault maps discovered:
D:1:      amcnicky_arrival_gap_in_the_tavern_cellar, layout_rooms
D:2:      layout_basic, serial_shops, shop, minmay_pentomino_p2
D:3:      layout_basic, grunt_temple_overflow_lords_of_destruction,
          lemuel_tele_altar, mainiacjoe_overflow_alcove_2, grunt_ministairs_11,
          nicolae_shop_unique_rings, minmay_misc_feat_columns
D:4:      layout_rooms, nicolae_tso_carved_into_rock, lemuel_temple_firewalk_a

Skill      XL: |  1  2  3  4 |
---------------+-------------+-----
Ranged Weapons | 6 7 8 |  8.0
Fighting       | |  1.5
Dodging        | |  2.4
Stealth        | |  1.2

Action                     |  1- 3 |  4- 6 || total
---------------------------+-------+-------++-------
   Fire: Shortbow          |   114 |    20 ||   134
    Use: Scroll            |     4 |     3 ||     7
         Potion            |     1 |     1 ||     2
 Armour: Leather armour    |    24 |       ||    24
         Ring mail         |       |    10 ||    10
  Dodge: Dodged            |    18 |    10 ||    28

Table legend:
 A = Non-vault XP
 B = Vault XP
 C = Vault XP percentage of total XP
 D = Non-vault monster count
 E = Vault monster count
 F = Vault count percentage of total count
                 A         B        C        D         E       F
            +---------+---------+-------+---------+---------+-------
      Total |      96 |      54 |  36.0 |      41 |       4 |   8.9
            +---------+---------+-------+---------+---------+-------
        D:1 |      15 |       0 |   0.0 |      11 |       0 |   0.0
        D:2 |      44 |       2 |   4.3 |      16 |       1 |   5.9
        D:3 |      20 |      52 |  72.2 |      11 |       3 |  21.4
        D:4 |      17 |       0 |   0.0 |       3 |       0 |   0.0
            +---------+---------+-------+---------+---------+-------
